[ AOE2 MATCH · #494372859 ]
UnrankedShu vs Malay
Player's team · WIN
Rival team · LOSS
[ REPLAY ANALYSIS · EXTRACTED FROM THE RECORDED GAME ]
Feudal
9:15
Castle
13:31
Imperial
—
| APM avg | 45.6 |
| APM peak | 96 |
| eAPM avg | 16.9 |
| Villagers / military | 49 / 9 |
Focus
⚔️ 26.7% · 🌾 73.3%
Unknown (1962) ×12 · Mangonel ×7 · Battering Ram ×2
Feudal
7:09
Castle
19:43
Imperial
—
| APM avg | 45.3 |
| APM peak | 71 |
| eAPM avg | 20.5 |
| Villagers / military | 39 / 3 |
Focus
⚔️ 37.0% · 🌾 63.0%
Mangonel ×3
Match map
Initial resources + every placement click. Lines = walls · curves = elevation contours. ◆ gold · ⬟ stone · ● berries · ✦ relic · ◌ wall gap
Your base· Open — 5t gap
duusker's base· ✓ Closed at 19:43 · 8t walls · 3 gate(s)
Smoothed initial terrain · ◌ = detected wall gap · hover for details
Inputs per minute
— Boonii - - duusker
Build order — Boonii
114 actions detected in the replay
| 0:00 | Queue | Villager (Male) |
| 0:00 | Queue | Villager (Male) |
| 0:01 | Queue | Villager (Male) |
| 0:02 | Build | House |
| 0:04 | Build | House |
| 0:19 | Queue | Villager (Male) |
| 1:27 | Queue | Villager (Male) |
| 1:49 | Build | Lumber Camp |
| 1:51 | Queue | Villager (Male) |
| 2:14 | Queue | Villager (Male) |
| 2:49 | Queue | Villager (Male) |
| 3:05 | Queue | Villager (Male) |
| 3:34 | Build | House |
| 3:37 | Build | House |
| 3:45 | Queue | Villager (Male) |
| 3:46 | Queue | Villager (Male) |
| 3:46 | Queue | Villager (Male) |
| 4:17 | Build | Mill |
| 4:26 | Queue | Villager (Male) |
| 5:06 | Queue | Villager (Male) |
| 5:15 | Queue | Villager (Male) |
| 5:46 | Build | Palisade Wall |
| 6:05 | Queue | Villager (Male) |
| 6:06 | Queue | Villager (Male) |
| 6:06 | Queue | Villager (Male) |
| 6:11 | Research | Loom |
| 6:19 | Build | Mining Camp |
| 6:38 | Queue | Villager (Male) |
| 6:38 | Queue | Villager (Male) |
| 6:39 | Queue | Villager (Male) |
| 6:39 | Queue | Villager (Male) |
| 6:39 | Queue | Villager (Male) |
| 6:58 | Research | Feudal Age |
| 7:22 | Build | Palisade Wall |
| 7:54 | Build | Palisade Wall |
| 8:02 | Build | Palisade Wall |
| 8:54 | Queue | Villager (Male) |
| 8:55 | Queue | Villager (Male) |
| 9:15 | Age | Feudal Age |
| 9:21 | Build | Market |
| 10:17 | Build | Blacksmith |
| 10:51 | Research | Castle Age |
| 11:19 | Build | Mining Camp |
| 12:04 | Research | Double-Bit Axe |
| 12:10 | Build | House |
| 13:12 | Queue | Villager (Male) |
| 13:12 | Queue | Villager (Male) |
| 13:31 | Age | Castle Age |
| 13:33 | Build | Siege Workshop |
| 14:30 | Queue | Villager (Male) |
| 14:31 | Queue | Villager (Male) |
| 14:32 | Queue | Unit 1962 |
| 14:32 | Queue | Unit 1962 |
| 14:38 | Build | Siege Workshop |
| 15:01 | Research | Horse Collar |
| 15:05 | Build | Farm |
| 15:29 | Queue | Unit 1962 |
| 15:41 | Build | Farm |
| 15:46 | Build | Farm |
| 15:51 | Build | Farm |
| 15:53 | Queue | Unit 1962 |
| 16:34 | Queue | Unit 1962 |
| 16:45 | Queue | Villager (Male) |
| 16:45 | Queue | Villager (Male) |
| 16:49 | Build | House |
| 16:49 | Build | House |
| 16:55 | Build | Farm |
| 17:05 | Queue | Battering Ram |
| 17:59 | Queue | Villager (Male) |
| 18:01 | Queue | Unit 1962 |
| 18:05 | Build | Farm |
| 18:07 | Build | Farm |
| 18:09 | Build | Farm |
| 18:13 | Build | Farm |
| 18:18 | Queue | Villager (Male) |
| 18:18 | Queue | Villager (Male) |
| 18:21 | Queue | Battering Ram |
| 19:15 | Queue | Villager (Male) |
| 19:19 | Queue | Mangonel |
| 19:59 | Build | House |
| 19:59 | Build | House |
| 19:59 | Build | House |
| 20:25 | Queue | Villager (Male) |
| 20:26 | Queue | Mangonel |
| 20:52 | Queue | Mangonel |
| 21:20 | Queue | Mangonel |
| 22:06 | Queue | Villager (Male) |
| 22:06 | Queue | Villager (Male) |
| 22:50 | Queue | Mangonel |
| 23:09 | Queue | Villager (Male) |
| 23:09 | Queue | Villager (Male) |
| 23:09 | Queue | Villager (Male) |
| 23:10 | Queue | Villager (Male) |
| 23:37 | Build | House |
| 24:38 | Build | Siege Workshop |
| 24:43 | Queue | Unit 1962 |
| 24:43 | Queue | Unit 1962 |
| 24:43 | Queue | Unit 1962 |
| 24:55 | Build | Mining Camp |
| 26:23 | Queue | Mangonel |
| 26:24 | Queue | Unit 1962 |
| 26:25 | Queue | Villager (Male) |
| 26:26 | Queue | Villager (Male) |
| 26:26 | Queue | Villager (Male) |
| 26:26 | Queue | Villager (Male) |
| 26:31 | Build | House |
| 26:32 | Build | House |
| 26:33 | Build | House |
| 26:56 | Queue | Mangonel |
| 27:06 | Queue | Unit 1962 |
| 27:06 | Queue | Unit 1962 |
| 27:07 | Queue | Villager (Male) |
| 27:08 | Queue | Villager (Male) |
| 27:08 | Queue | Villager (Male) |
Build order — duusker
108 actions detected in the replay
| 0:00 | Queue | Villager (Male) |
| 0:00 | Queue | Villager (Male) |
| 0:01 | Queue | Villager (Male) |
| 0:02 | Build | House |
| 0:03 | Build | House |
| 1:00 | Queue | Villager (Male) |
| 1:31 | Queue | Villager (Male) |
| 1:47 | Build | Lumber Camp |
| 1:56 | Queue | Villager (Male) |
| 1:56 | Queue | Villager (Male) |
| 2:53 | Queue | Villager (Male) |
| 3:12 | Queue | Villager (Male) |
| 3:12 | Queue | Villager (Male) |
| 3:32 | Build | House |
| 4:03 | Queue | Villager (Male) |
| 4:25 | Queue | Villager (Male) |
| 4:53 | Build | Mining Camp |
| 4:57 | Queue | Villager (Male) |
| 5:26 | Queue | Villager (Male) |
| 5:50 | Research | Feudal Age |
| 5:50 | Research | Feudal Age |
| 6:19 | Research | Loom |
| 6:19 | Queue | Villager (Male) |
| 7:09 | Age | Feudal Age |
| 7:24 | Queue | Villager (Male) |
| 7:24 | Queue | Villager (Male) |
| 7:51 | Build | Watch Tower |
| 8:04 | Build | Watch Tower |
| 8:14 | Build | Watch Tower |
| 8:18 | Queue | Villager (Male) |
| 8:28 | Build | House |
| 8:32 | Build | House |
| 8:46 | Research | Town Watch |
| 8:51 | Build | House |
| 9:06 | Build | Watch Tower |
| 9:13 | Queue | Villager (Male) |
| 9:13 | Queue | Villager (Male) |
| 9:40 | Research | Double-Bit Axe |
| 10:07 | Queue | Villager (Male) |
| 10:33 | Build | Mill |
| 10:47 | Build | Watch Tower |
| 10:51 | Queue | Villager (Male) |
| 10:51 | Queue | Villager (Male) |
| 11:09 | Build | Mill |
| 11:43 | Queue | Villager (Male) |
| 12:04 | Queue | Villager (Male) |
| 12:07 | Research | Horse Collar |
| 12:12 | Build | House |
| 12:22 | Build | Outpost |
| 12:28 | Build | House |
| 12:30 | Queue | Villager (Male) |
| 12:42 | Build | House |
| 12:57 | Build | Stone Wall |
| 13:03 | Queue | Villager (Male) |
| 13:03 | Queue | Villager (Male) |
| 13:08 | Build | Farm |
| 13:10 | Build | Farm |
| 13:14 | Build | Market |
| 13:18 | Queue | Villager (Male) |
| 13:40 | Build | Outpost |
| 13:42 | Queue | Villager (Male) |
| 14:02 | Build | Mining Camp |
| 14:07 | Research | Gold Mining |
| 14:12 | Build | Outpost |
| 14:18 | Build | Palisade Gate |
| 14:38 | Queue | Villager (Male) |
| 14:42 | Build | Farm |
| 14:45 | Build | Farm |
| 15:14 | Build | Gate |
| 15:27 | Queue | Villager (Male) |
| 15:41 | Build | Stone Wall |
| 15:53 | Build | House |
| 15:54 | Build | Palisade Wall |
| 16:01 | Build | Gate |
| 16:11 | Build | Farm |
| 16:21 | Build | Farm |
| 16:38 | Build | Lumber Camp |
| 17:13 | Build | Mining Camp |
| 17:42 | Build | Blacksmith |
| 17:48 | Build | Farm |
| 18:07 | Research | Castle Age |
| 18:17 | Build | Farm |
| 18:19 | Build | Farm |
| 18:20 | Build | Farm |
| 18:24 | Build | Farm |
| 18:46 | Research | Fletching |
| 18:46 | Research | Fletching |
| 19:04 | Build | Farm |
| 19:26 | Build | House |
| 19:43 | Age | Castle Age |
| 19:47 | Build | Siege Workshop |
| 19:58 | Queue | Villager (Male) |
| 20:17 | Queue | Mangonel |
| 20:26 | Build | House |
| 20:29 | Build | House |
| 21:09 | Queue | Villager (Male) |
| 21:58 | Build | Market |
| 22:04 | Queue | Villager (Male) |
| 22:05 | Queue | Villager (Male) |
| 22:09 | Build | House |
| 22:42 | Queue | Villager (Male) |
| 22:56 | Queue | Mangonel |
| 23:15 | Queue | Villager (Male) |
| 23:28 | Queue | Villager (Male) |
| 23:43 | Research | Bodkin Arrow |
| 24:49 | Build | Lumber Camp |
| 24:54 | Build | Castle |
| 25:04 | Queue | Mangonel |
Match timeline
| 5:46 | Boonii · wall_segment Palisade Wall x3 |
| 7:09 | duusker · age_up feudal |
| 7:22 | Boonii · wall_segment Palisade Wall x1 |
| 7:54 | Boonii · wall_segment Palisade Wall x2 |
| 8:02 | Boonii · wall_segment Palisade Wall x1 |
| 9:15 | Boonii · age_up feudal |
| 10:48 | Boonii · first_market_sell 100 stone |
| 10:48 | Boonii · first_market_buy 100 food |
| 12:57 | duusker · wall_segment Stone Wall x6 |
| 13:31 | Boonii · age_up castle |
| 13:33 | Boonii · first_building Siege Workshop |
| 15:37 | duusker · first_market_sell 100 wood |
| 15:41 | duusker · wall_segment Stone Wall x1 |
| 15:54 | duusker · wall_segment Palisade Wall x1 |
| 19:43 | duusker · age_up castle |
| 19:47 | duusker · first_building Siege Workshop |
| 24:39 | duusker · first_market_buy 100 stone |
| 24:54 | duusker · first_building Castle |
| 27:10 | duusker · resign |
[ AI ANALYSIS · 1 CREDIT ]
What really happened in this match?
Wolo.gg analyzes every decision: build order, eco, micro, common mistakes by bracket. Personalized analysis on WhatsApp or Discord in 30 seconds.
Civ guide
Shu
Perfil
Jugador #343834